 Dungeon Crawl Stone Soup version 0.29.0-5-ge4962eb29e (webtiles) character file.

Game seed: 4676097966611616748

41 Renzlar the Shield-Bearer (level 4, 25/40 HPs)
             Began as a Meteoran Fighter on Aug 29, 2022.
             Quit the game on level 2 of the Dungeon.
             The game lasted 00:04:22 (623 turns).

Renzlar the Shield-Bearer (Meteoran Fighter)         Turns: 623, Time: 00:04:23

Health: 25/40      AC:  9    Str: 19    XL:     4   Next: 1%
Magic:  5/5        EV:  9    Int:  9    God:
Gold:   49         SH:  6    Dex: 20    Spells: 3/3 levels left

rFire   . . .      SeeInvis .   a - +0 war axe
rCold   . . .      Faith    .   c - +0 buckler
rNeg    . . .      Spirit   .   b - +1 scale mail
rPois   .          Reflect  .   (no helmet)
rElec   .          Harm     .   i - +0 cloak
rCorr   .          Rampage  .   (no gloves)
Will    .....                   (no boots)
Stlth   ..........              (no amulet)
HPRegen 0.13/turn               e - +6 ring of dexterity
MPRegen 0.09/turn               (no ring)

@: glowing
A: sense surroundings 1, otherworldly, glowing, explore regen
a: no special abilities


You were on level 2 of the Dungeon.
You visited 1 branch of the dungeon, and saw 2 of its levels.

You collected 49 gold pieces.

Inventory:

Hand Weapons
 a - a +0 war axe (weapon)
Armour
 b - a +1 scale mail (worn)
 c - a +0 buckler (worn)
 i - a +0 cloak (worn)
Jewellery
 e - a +6 ring of dexterity (left hand)
Scrolls
 f - 2 scrolls of enchant armour
 h - a scroll of identify
Potions
 d - a potion of might
 g - a potion of heal wounds


   Skills:
 + Level 3.6 Fighting
 * Level 3.4 Axes
 + Level 3.9 Armour
 + Level 0.3 Dodging
 + Level 4.1 Shields


You had 3 spell levels left.
You didn't know any spells.
Your spell library was empty.

Dungeon Overview and Level Annotations

Branches:
Dungeon (2/15) Zot: 531

Altars:


Innate Abilities, Weirdness & Mutations

You passively map a small area around you.
You are easily found by Zot.
You glow in the dark.
You regain HP and MP as you explore.


Message History

Found a dagger.
A kobold comes into view. It is wielding a +0 short sword.
The kobold shouts!
The kobold enters a dispersal trap!
You blink.
The kobold blinks!
The kobold enters a dispersal trap!
You blink.
The kobold blinks!
You barely miss the kobold. You block the kobold's attack.
You barely miss the kobold. The kobold hits you but does no damage.
You slash the kobold!
You kill the kobold!
Found a stone staircase leading up.
Found a cloak.
Found a dagger.
A goblin comes into view. It is wielding a +0 club.
The goblin shouts!
You hear a shout!
There is a stone staircase leading up here.
You see here a +0 cloak.
i - a +0 cloak You block the goblin's attack.
You barely miss the goblin. The goblin hits you but does no damage.
You slash the goblin!
You kill the goblin!
You start putting on your armour.
You continue putting on your +0 cloak. x4
You finish putting on your +0 cloak.
Found a stone staircase leading down and a stone staircase leading up.
You now have 49 gold pieces (gained 11).
You open the door.
A worm comes into view.
There is an open door here.
You slash the worm!
The worm is severely wounded.
The worm bites you.
You hit the worm.
The worm is almost dead.
You hit the worm but do no damage.
The worm is almost dead.
The worm bites you!
You hit the worm.
You kill the worm!
You have reached level 4!
Are you sure you want to abandon this character and quit the game? (Confirm with "yes".)

, *
#.#####..####.#.####.#.#
,
#.................##.#.#
*######..####.######.#.#
, #..# #.# #.#.#
#..####.######.#.# ,
#................#
##.####.######.### * , *
#.# #.######.# , *#@#
*#.##.....# ,
#...†..##.##.#####
#......##.##.# ,
#......##.##.#
#......##.##.#####
####.####.<......# #.#
#<##.###.# #.# #.##.#
#.# , ,* #.##.# #.#


There were no monsters in sight!

Vanquished Creatures
  A worm (D:2)
  6 bats (D:1)
  An endoplasm (D:1)
  9 goblins
  2 hobgoblins (D:1)
  3 jackals (D:1)
  A quokka (D:1)
  3 ball pythons (D:1)
  A frilled lizard (D:1)
  6 kobolds
  2 rats (D:1)
35 creatures vanquished.

Notes
Turn   | Place    | Note
-------+----------+-------------------------------------------
     0 | D:1      | Renzlar the Meteoran Fighter began the quest for the Orb.
     0 | D:1      | Reached XP level 1. HP: 19/19 MP: 2/2
    88 | D:1      | Reached XP level 2. HP: 25/26 MP: 3/3
   246 | D:1      | Reached XP level 3. HP: 30/31 MP: 4/4
   357 | D:1      | Found a faded altar of an unknown god.
   404 | D:1      | Reached skill level 4 in Shields
   458 | D:1      | Glimpsed the power of Zot.
   507 | D:1      | Glimpsed the power of Zot.
   623 | D:2      | Reached XP level 4. HP: 25/40 MP: 5/5
   623 | D:2      | Quit the game

Illustrated notes

Levels and vault maps discovered:
D:1:      dpeg_arrival_triangle_fractal, layout_rooms,
          chequers_ecumenical_altar_simple, minmay_misc_feat_cross,
          hangedman_abyss_or_decor_stabs, minmay_tromino_v7
D:2:      layout_basic, basic_altar, uniq_sigmund, uniq_robin

Skill      XL: |  1  2  3 |
---------------+----------+-----
Axes           | 3 |  3.4
Shields        | 4 |  4.1
Fighting       | |  3.6
Armour         | |  3.9
Dodging        | |  0.3

Action                   |  1- 3 |  4- 6 || total
-------------------------+-------+-------++-------
Melee: War axe           |   118 |       ||   118
  Use: Scroll            |     3 |       ||     3
Armor: Scale mail        |    72 |       ||    72
Dodge: Dodged            |    56 |       ||    56
Block: Buckler           |    38 |       ||    38
